 Seeded DCSS version 0.30.1-4-g462c640d31 (webtiles) character file.

Game seed: 6351066067085065685 (custom seed)

64 Esekla the Grave Robber (level 3, 0/19 HPs)
             Began as a Deep Elf Necromancer on Aug 11, 2023.
             Was a Follower of Vehumet.
             Slain by a gnoll
             ... wielding a +0 spear
              (7 damage)
             ... on level 2 of the Dungeon on Aug 12, 2023.
             The game lasted 00:08:10 (1411 turns).

Esekla the Grave Robber (Deep Elf Necromancer)      Turns: 1411, Time: 00:08:11

Health: 0/19       AC:  3    Str:  5    XL:     3   Next: 91%
Magic:  1/10       EV: 13    Int: 21    God:    Vehumet [*.....]
Gold:   166        SH:  0    Dex: 18    Spells: 5/9 levels left

rFire   . . .        o - +5 rapier of the Hero {heavy, rN+ Dex+3}
rCold   . . .        (no shield)
rNeg    + . .        a - +0 robe
rPois   .            (no helmet)
rElec   .            (no cloak)
rCorr   .            j - +0 pair of gloves
SInv    .            (no boots)
Will    .....        (no amulet)
Stlth   ++           (no ring)
HPRegen 0.23/turn    (no ring)
MPRegen 0.12/turn

%: no passive effects
@: no status effects
A: no striking features
a: Renounce Religion


You were on level 2 of the Dungeon.
You worshipped Vehumet.
Vehumet was aware of your devotion.
You visited 1 branch of the dungeon, and saw 4 of its levels.

You collected 166 gold pieces.

Inventory:

Hand Weapons
 o - the +5 rapier of the Hero (weapon) {heavy, rN+ Dex+3}
   (You found it on level 3 of the Dungeon)

   Dex:       It affects your dexterity (+3).
   rN:        It protects you from negative energy.
Armour
 a - a +0 robe (worn)
 j - a +0 pair of gloves (worn)
Wands
 p - a wand of roots (9)
Scrolls
 c - a scroll of blinking {unknown}
 e - a scroll of fear {unknown}
 f - a scroll of identify {unknown}
 l - 2 scrolls of enchant weapon {unknown}
 m - a scroll of amnesia {unknown}
 n - a scroll of immolation {unknown}
 r - a scroll of fog {unknown}
Potions
 b - a potion of magic
 d - a potion of ambrosia {unknown}
 g - a potion of attraction {unknown}
 h - a potion of haste {unknown}
 i - 2 potions of curing {unknown}
 k - a potion of mutation {unknown}
 q - 2 potions of brilliance {unknown}
 s - a potion of heal wounds {unknown}


   Skills:
 + Level 0.5 Short Blades
 * Level 3.4 Dodging
 + Level 3.1 Stealth
 * Level 3.9 Spellcasting
 * Level 5.3 Necromancy


You had 5 spell levels left.
You knew the following spells:

 Your Spells              Type           Power      Damage    Failure   Level
a - Necrotise             Necr           100%       1d9       1%          1
d - Vampiric Draining     Necr           26%        2d7       4%          3

Your spell library contained the following spells:

 Spells                   Type           Power      Damage    Failure   Level
 Magic Dart               Conj           16%        1d3       12%         1
 Animate Dead             Necr           26%        N/A       14%         4
 Lesser Beckoning         Tloc           8%         N/A       19%         2
 Gell's Gravitas          Tloc           4%         N/A       36%         3
 Teleport Other           Tloc           4%         N/A       36%         3
 Agony                    Necr           26%        N/A       36%         5


Dungeon Overview and Level Annotations

Branches:
Dungeon (4/15)
 Temple: D:4-7

Altars:
Okawaru
Vehumet
The Shining One

Shops:
D:2 =   D:4 (


Message History

The gnoll closely misses you. The gnoll misses you. x2
The gnoll barely misses you.
You hit the gnoll.
The gnoll is almost dead.
The gnoll hits you from afar with a +0 spear.
The gnoll hits you with a +0 flail.
Casting: Vampiric Draining (quite dangerous; 4% risk of failure)
Confirm with . or Enter, or press ? or * to list all spells.
The spell is quite dangerous to miscast (4% risk of failure)!
Continue anyway?
Aiming: Vampiric Draining (quite dangerous; 4% risk of failure)
Press: ? - help, Shift-Dir - straight line, f - gnoll
Aim: a gnoll, wielding a +0 flail (almost dead)
You draw life force from the gnoll!
You kill the gnoll!
Vehumet accepts your kill.
You can now gain magical power from killing.
Vehumet offers you knowledge of Magic Dart.
You feel life coursing into your body.
The gnoll hits you from afar with a +0 spear!
* * * LOW HITPOINT WARNING * * *
The gnoll misses you.
There is a stone staircase leading up here.
You see here a +0 flail.
Casting: Vampiric Draining (quite dangerous; 4% risk of failure)
Confirm with . or Enter, or press ? or * to list all spells.
The spell is quite dangerous to miscast (4% risk of failure)!
Continue anyway?
Aiming: Vampiric Draining (quite dangerous; 4% risk of failure)
Press: ? - help, Shift-Dir - straight line, f - gnoll
Aim: a gnoll, wielding a +0 spear You draw life force from the gnoll.
You feel life coursing into your body. The gnoll barely misses you.
Casting: Vampiric Draining (quite dangerous; 4% risk of failure)
Confirm with . or Enter, or press ? or * to list all spells.
The spell is quite dangerous to miscast (4% risk of failure)!
Continue anyway?
Aiming: Vampiric Draining (quite dangerous; 4% risk of failure)
Press: ? - help, Shift-Dir - straight line, f/p - gnoll
Aim: a gnoll, wielding a +0 spear (moderately wounded)
You draw life force from the gnoll!
You feel life coursing into your body. The gnoll hits you with a +0 spear!
You die...

#g#..# #.#
#.#..# #.#
#....## #.#
....... ...
.#...## #..
#... .. #..#
#
#g.#####.###
#@.........#
#........).#
#.######.#.#
#.........
########.#


You could see a gnoll.

Vanquished Creatures
  2 gnolls (D:2)
  An adder (D:2)
  A dart slug (D:1)
  5 ball pythons (D:1)
  2 bats (D:1)
  3 endoplasms (D:1)
  6 goblins
  3 hobgoblins
  A quokka (D:1)
  4 frilled lizards
  4 kobolds
32 creatures vanquished.

Notes
Turn   | Place    | Note
-------+----------+-------------------------------------------
     0 | D:1      | Esekla the Deep Elf Necromancer began the quest for the
                  | Orb.
     0 | D:1      | Reached XP level 1. HP: 10/10 MP: 6/6
   195 | D:1      | Reached skill level 5 in Necromancy
   231 | D:1      | Reached XP level 2. HP: 9/15 MP: 8/8
   526 | D:4      | Found a radiant altar of Vehumet.
   534 | D:4      | Found a glowing golden altar of the Shining One.
   548 | D:4      | Became a worshipper of Vehumet
   559 | D:4      | Found an iron altar of Okawaru.
   637 | D:4      | Found Ponaysk's Antique Weapon Boutique.
   873 | D:3      | Identified the +5 rapier of the Hero {heavy, rN+ Dex+3}
   921 | D:2      | Found Renulab's Jewellery Shop.
  1052 | D:1      | Reached XP level 3. HP: 19/19 MP: 10/10
  1056 | D:1      | Learned a level 3 spell: Vampiric Draining
  1408 | D:2      | Reached * piety under Vehumet
  1408 | D:2      | Offered knowledge of Magic Dart by Vehumet.
  1411 | D:2      | Slain by a gnoll

Illustrated notes

Levels and vault maps discovered:
D:1:      sevenhm_arrival_forest_fort_small_3, layout_rooms,
          chequers_serial_rivers_room_b, minmay_misc_feat_five
D:2:      layout_loops_ring, dreamdust_ecumenical_altar_angels_and_demons,
          serial_shops, shop
D:3:      layout_basic, grunt_temple_overflow_open, minmay_misc_feat_iff
D:4:      layout_basic, nicolae_overflow_quartered_altars, serial_shops,
          nicolae_diamond_shop

Skill      XL: |  1  2  3 |
---------------+----------+-----
Necromancy     | 5 |  5.3
Dodging        | 3 |  3.4
Stealth        | 3 |  3.1
Short Blades   | |  0.5
Spellcasting   | |  3.9

Action                     || total
---------------------------++-------
  Melee: Short sword       ||    63
         Unarmed           ||    21
         Rapier            ||    26
   Cast: Vampiric Draining ||     7
   Stab: Sleeping          ||     4
         Distracted        ||     1
 Armour: Robe              ||    29
  Dodge: Dodged            ||    74
